AoeStats
← VaimX

Nomad

509659167Analyzed
2v2 RM · 6d ago on Sep 27, 2026· 27m 21s· 4 players
Game mode
Random Map
Map size
176×176
Population
200
Speed
Normal
Resources
Standard
Victory
Conquest
Starting age
Dark Age
Ending age
Imperial Age
RankedLock teamsTeams togetherTeam positionsShared explorationLock speedFull tech treeHidden civsTurbo modeCheats
Victory
Defeat
🇨🇦 Varangians · Canada
977
+14
🇨🇦 Italians · Canada
852
+19
🇪🇨 Britons · Ecuador
933
-17
🇬🇧 Danes · United Kingdom
902
-16
kawaki
4:57 Loom
13:13 Feudal Age
20:45 Castle Age
26:49 Scale Barding Armor
26:54 Forging
Native_psychopath
3:32 Loom
14:00 Feudal Age
14:55 Double-Bit Axe
19:55 Castle Age
18:41 Gold Mining
19:35 Fletching
25:42 Bow Saw
mogdogolog
6:58 Loom
14:30 Feudal Age
15:09 Double-Bit Axe
20:18 Castle Age
19:03 Horse Collar
19:23 Gold Mining
19:22 Fishing Lines
21:17 Fletching
22:54 Wheelbarrow
23:29 Scale Mail Armor
23:25 Arson
26:06 Chain Mail Armor
26:33 Forging
VaimX
14:12 Feudal Age
23:29 Castle Age
23:46 Loom
Connection lost

Rejoining the realm…

Still unreachable

The connection could not be restored.

Session expired

The server has moved on; the page needs a fresh start.